 Dungeon Crawl Stone Soup version 0.24.0-29-g8ce449bc06 (webtiles) character file.

Game seed: 877476128181570563, levelgen mode: deterministic

683 Delamore the Cleaver (level 7, -5/57 HPs)
             Began as a Hill Orc Fighter on Nov 14, 2019.
             Slain by Edmund
             ... wielding a +2 dire flail of crushing
              (9 damage)
             ... on level 4 of the Dungeon.
             The game lasted 00:03:59 (3146 turns).

Delamore the Cleaver (Hill Orc Fighter)             Turns: 3146, Time: 00:03:59

Health: -5/57      AC: 12    Str: 26    XL:     7   Next: 61%
Magic:  7/7        EV:  4    Int: 12    God:
Gold:   272        SH: 10    Dex: 13    Spells: 6/6 levels left

rFire    . . .     SeeInvis .   t - +4 flail (crush)
rCold    . . .     Gourm    .   c - +0 shield
rNeg     . . .     Faith    .   w - +0 plate armour
rPois    .         Spirit   .   (no helmet)
rElec    .         Reflect  .   (no cloak)
rCorr    .         Harm     .   z - +0 pair of gloves
MR       .....                  (no boots)
Stlth    ..........             (no amulet)
HPRegen  0.19/turn              m - +3 ring of dexterity
MPRegen  0.10/turn              p - +4 ring of intelligence

@: mighty
A: no striking features
a: no special abilities


You were on level 4 of the Dungeon.
You were not hungry.

You visited 1 branch of the dungeon, and saw 4 of its levels.

You collected 272 gold pieces.

Inventory:

Hand Weapons
 a - a +0 war axe
 t - a +4 flail of crushing (weapon)
Missiles
 k - 16 poisoned darts (quivered)
 v - a throwing net
Armour
 b - a +0 scale mail
 c - a +0 shield (worn)
 w - a +0 plate armour (worn)
 z - a +0 pair of gloves (worn)
Jewellery
 m - a +3 ring of dexterity (left hand)
 p - a +4 ring of intelligence (right hand)
 y - an uncursed ring of wizardry {unknown}
Wands
 r - a wand of iceblast (6)
Scrolls
 g - 8 scrolls of identify {unknown}
 h - a scroll of magic mapping {unknown}
 i - 5 scrolls of remove curse {unknown}
 j - a scroll of blinking {unknown}
 l - a scroll of immolation {unknown}
 n - a scroll of enchant armour {unknown}
 q - 3 scrolls of teleportation {unknown}
 u - a scroll of amnesia {unknown}
 A - a scroll of enchant weapon {unknown}
Potions
 d - a potion of might
 e - a potion of brilliance {unknown}
 s - 3 potions of curing {unknown}
 x - a potion of invisibility {unknown}
Comestibles
 f - 3 rations


   Skills:
 - Level 3.6 Fighting
 + Level 10.8 Axes
 - Level 3.2 Armour
 - Level 3.2 Shields


You had 6 spell levels left.
You didn't know any spells.
Your spell library was empty.

Dungeon Overview and Level Annotations

Branches:
Dungeon (4/15)
 Temple: D:4-7

Altars:

Annotations:
D:4 Edmund


Message History

Edmund rages.
Edmund rages.
Edmund hits you with a +2 dire flail of crushing.
* * * LOW HITPOINT WARNING * * *
x2 You feel much better.
Edmund hits you with a +2 dire flail of crushing.
You feel very mighty all of a sudden. Edmund hits you but does no damage.
You thump Edmund!
Edmund is heavily wounded.
You block Edmund's attack. x2
You hit Edmund.
Edmund is heavily wounded.
Edmund hits you with a +2 dire flail of crushing!!
* * * LOW HITPOINT WARNING * * *
x2 Edmund hits you but does no damage.
You bludgeon Edmund!!
Edmund is severely wounded.
Edmund hits you with a +2 dire flail of crushing!
You die...

......# #.... ......#
#.... ......# #....
.....### #.#..#### #
.......# #.......##.#
.....#.# ####.......#
.....#.# #....=.....#
.....#.# #.##..@###[..#
######.####..#..@###.#.#
#....##.###.......#
####.##...#.##.####
#.##.#.#.>..#
#........#### ######...#
##.....# #..##..###
###########........######


You could see Edmund (berserk).

Vanquished Creatures
  Sigmund (D:2)
  An orc warrior (D:4)
  2 scorpions (D:4)
  2 crimson imps (D:4)
  An orc priest (D:3)
  An orc wizard (D:4)
  A worker ant (D:3)
  A hound skeleton (D:2)
  6 gnolls (D:3)
  An adder (D:3)
  2 oozes (D:1)
  An adder skeleton (D:4)
  5 worms
  2 dart slugs
  3 leopard geckos
  6 orcs
  9 bats
  5 giant cockroaches
  6 hobgoblins
  4 jackals (D:1)
  7 kobolds
  A quokka (D:3)
  A ball python (D:3)
  4 frilled lizards
  5 goblins
  9 rats
87 creatures vanquished.

Notes
Turn   | Place    | Note
-------+----------+-------------------------------------------
     0 | D:1      | Delamore the Hill Orc Fighter began the quest for the Orb.
     0 | D:1      | Reached XP level 1. HP: 19/19 MP: 1/1
    74 | D:1      | Reached skill level 3 in Axes
    78 | D:1      | Reached XP level 2. HP: 18/26 MP: 2/2
   128 | D:1      | Reached skill level 4 in Axes
   207 | D:1      | Reached XP level 3. HP: 25/31 MP: 3/3
   441 | D:1      | Reached skill level 5 in Axes
   677 | D:2      | Noticed Sigmund
  1140 | D:2      | Killed Sigmund
  1140 | D:2      | Reached skill level 7 in Axes
  1140 | D:2      | Reached XP level 4. HP: 30/39 MP: 4/4
  1140 | D:2      | Reached XP level 5. HP: 35/45 MP: 5/5
  1268 | D:2      | Reached skill level 8 in Axes
  1273 | D:2      | Reached XP level 6. HP: 50/51 MP: 6/6
  2046 | D:3      | Reached skill level 9 in Axes
  2708 | D:4      | Noticed an orc warrior
  2715 | D:4      | Killed an orc warrior
  2715 | D:4      | Reached XP level 7. HP: 28/57 MP: 7/7
  2956 | D:4      | Reached skill level 10 in Axes
  3131 | D:4      | Noticed Edmund
  3146 | D:4      | Slain by Edmund

Levels and vault maps discovered:
D:1:      elethiomel_arrival_infinity_welcomes_careful_drivers, layout_rooms,
          minmay_pentomino_p4
D:2:      layout_loops_ring, uniq_sigmund
D:3:      layout_basic
D:4:      layout_basic, minmay_temple_entry_junction_2, uniq_edmund

Skill      XL: |  1  2  3  4  5  6  7 |
---------------+----------------------+-----
Axes           | 3 4 7 8 9 10 | 10.8
Fighting       | |  3.6
Armour         | |  3.2
Shields        | |  3.2

Action                   |  1- 3 |  4- 6 |  7- 9 || total
-------------------------+-------+-------+-------++-------
Melee: War axe           |    86 |    65 |       ||   151
       Flail             |       |    61 |    41 ||   102
Throw: Dart              |    12 |       |       ||    12
  Use: Potion            |       |       |     3 ||     3
  Eat: Chunk             |       |     5 |     2 ||     7
Armor: Scale mail        |    29 |    46 |       ||    75
       Plate armour      |       |    21 |    19 ||    40
Dodge: Dodged            |    23 |    29 |     2 ||    54
Block: Shield            |    42 |    63 |    16 ||   121
